 Dungeon Crawl Stone Soup version 0.30-a0-718-geaa24f58ff (webtiles) character file.

Game seed: 15440516379274707617

907 karrick the Covered (level 8, -4/49 HPs)
             Began as a Gargoyle Fighter on Jan 26, 2023.
             Killed by divine providence
             ... invoked by an orc priest
              (17 damage)
             ... on level 5 of the Dungeon.
             The game lasted 00:08:19 (3997 turns).

karrick the Covered (Gargoyle Fighter)              Turns: 3997, Time: 00:08:20

Health: -4/49      AC:  9    Str: 20    XL:     8   Next: 8%
Magic:  8/8        EV: 10    Int:  9    God:
Gold:   245        SH:  4    Dex: 11    Spells: 7/7 levels left

rFire   . . .      SeeInvis .    a - +0 war axe
rCold   . . .      Faith    .    c - +0 buckler
rNeg    + + .      Spirit   .    w - +0 robe of Recklessness {-Cast *Slow rElec Slay+5}
rPois   ∞          Reflect  .    v - +0 helmet
rElec   +          Harm     .    (no cloak)
rCorr   .          Rampage  .    (no gloves)
Will    .....      NoCast   +    (no boots)
Stlth   ++                       (no amulet)
HPRegen 0.28/turn                n - ring of positive energy
MPRegen 0.11/turn                (no ring)

@: no status effects
A: sickness immunity, AC +5, negative energy resistance 1, electricity
resistance, torment resistance 1, petrification resistance
a: no special abilities


You were on level 5 of the Dungeon.
You visited 1 branch of the dungeon, and saw 5 of its levels.
You also visited: Ossuary.

You collected 245 gold pieces.

Inventory:

Hand Weapons
 a - a +0 war axe (weapon)
Armour
 b - a +0 scale mail
 c - a +0 buckler (worn)
 v - a +0 helmet (worn)
 w - the +0 robe of Recklessness (worn) {-Cast *Slow rElec Slay+5}
   (You found it on level 4 of the Dungeon)

   Slay:      It affects your accuracy & damage with ranged weapons and melee
   (+5).
   rElec:     It insulates you from electricity.
   -Cast:     It prevents spellcasting.
   *Slow:     It may slow you when you take damage.
Jewellery
 d - a ring of magical power
 n - a ring of positive energy (left hand)
Scrolls
 g - a scroll of amnesia {unknown}
 h - 5 scrolls of identify {unknown}
 j - 2 scrolls of fear {unknown}
 o - 2 scrolls of magic mapping {unknown}
 q - a scroll of teleportation {unknown}
 t - a scroll of fog {unknown}
 u - a scroll of immolation {unknown}
Potions
 e - 4 potions of brilliance {unknown}
 f - a potion of magic {unknown}
 i - 2 potions of attraction {unknown}
 k - a potion of invisibility {unknown}
 l - a potion of berserk rage {unknown}
 m - 6 potions of curing {unknown}
 p - 3 potions of mutation {unknown}
 r - 2 potions of haste {unknown}
 s - a potion of flight {unknown}
 x - 2 potions of heal wounds
 z - 2 potions of degeneration {unknown}
 A - a potion of cancellation {unknown}


   Skills:
 + Level 5.0 Fighting
 + Level 5.9 Axes
 + Level 5.9 Armour
 + Level 1.4 Stealth
 + Level 4.2 Shields


You had 7 spell levels left.
You didn't know any spells.
Your spell library was empty.

Dungeon Overview and Level Annotations

Branches:
Dungeon (5/15)            Ossuary (visited)
 Temple: D:4-7

Altars:
Fedhas
Hepliaklqana
Nemelex Xobeh
Ru
Sif Muna
Uskayaw
Vehumet

Shops:
D:3 [


Innate Abilities, Weirdness & Mutations

You are immune to sickness and miasma.
Your stone body is resilient. (AC +5)
You are immune to poison.
You resist negative energy. (rN+)
You are resistant to electric shocks. (rElec)
You are resistant to unholy torment.
You are immune to petrification.


Message History

The orc priest invokes the aid of Beogh against you.
You struggle to resist.
The orc priest calls down the wrath of Beogh upon you.
Beogh smites you!
You are too injured to fight recklessly!
You are too injured to fight recklessly!
You are too injured to fight recklessly!
You are too injured to fight recklessly!
You are too injured to fight recklessly!
You are too injured to fight recklessly!
You are too injured to fight recklessly!
You are too injured to fight recklessly!
You are too injured to fight recklessly!
You are too injured to fight recklessly!
You are too injured to fight recklessly!
You are too injured to fight recklessly!
You are too injured to fight recklessly!
You are too injured to fight recklessly!
You are too injured to fight recklessly!
You are too injured to fight recklessly!
You are too injured to fight recklessly!
The orc priest closely misses you.
Items here: )))) [[ †††.
You closely miss the orc priest. The orc priest barely misses you.
You closely miss the orc priest.
The orc priest looks satisfied for a moment.
You slash the orc priest!
The orc priest is severely wounded.
The orc priest barely misses you.
The orc priest calls down the wrath of Beogh upon you.
Beogh smites you!
* * * LOW HITPOINT WARNING * * *
You hit the orc priest but do no damage.
The orc priest is severely wounded.
The orc priest hits you but does no damage.
You barely miss the orc priest.
The orc priest is severely wounded.
The orc priest calls down the wrath of Beogh upon you.
Beogh smites you!
You die...

#######.#.#.#.##########
#.........#.#.#
#.#####.###.#.# #.#
#.#.# ##.###.#.#
#.[....#.# #.#.####.#
#.#.####.######
#.#../.@o......
........###..#####
####.#..# #.# ......# .#
........# # .#.#.#..#
#.#.#..# #.#...


You could see an orc priest.

Vanquished Creatures
  Grinder (D:4)
  2 ogres
  2 water moccasin zombies (Ossuary)
  A howler monkey (D:4)
  A hound (D:5)
  A jelly (D:5)
  An iguana (D:4)
  Natasha (thrice) (D:4)
  2 orc wizards
  2 mummies (Ossuary)
  3 adders
  2 ufetubi
  4 adder zombies (Ossuary)
  A worm (D:3)
  2 dart slugs
  10 orcs
  4 bats
  7 endoplasms
  2 giant cockroaches (D:4)
  5 gnoll zombies (Ossuary)
  10 goblins
  4 hobgoblins (D:1)
  10 jackals (D:1)
  4 kobolds
  4 quokkas
  6 ball pythons
  2 hobgoblin zombies (Ossuary)
  5 kobold zombies (Ossuary)
  5 orc zombies (Ossuary)
  13 rats
119 creatures vanquished.

Notes
Turn   | Place    | Note
-------+----------+-------------------------------------------
     0 | D:1      | karrick the Gargoyle Fighter began the quest for the Orb.
     0 | D:1      | Reached XP level 1. HP: 14/14 MP: 1/1
    86 | D:1      | Reached XP level 2. HP: 16/19 MP: 2/2
   427 | D:1      | Reached XP level 3. HP: 20/23 MP: 3/3
  1082 | D:2      | Reached XP level 4. HP: 28/28 MP: 4/4
  1776 | D:3      | Found a hazy altar of Hepliaklqana.
  2285 | D:3      | Reached XP level 5. HP: 25/33 MP: 5/5
  2319 | D:3      | Found a sacrificial altar of Ru.
  2532 | D:3      | Found Caitint's Armour Emporium.
  2733 | D:3      | Found a sparkling altar of Nemelex Xobeh.
  2891 | D:4      | Identified the +0 robe of Recklessness {-Cast *Slow rElec
                  | Slay+5}
  3002 | D:4      | Noticed Natasha
  3013 | D:4      | Killed Natasha
  3014 | D:4      | Reached XP level 6. HP: 28/38 MP: 6/6
  3026 | D:4      | Noticed Grinder
  3070 | D:4      | Killed Grinder
  3071 | D:4      | Reached skill level 5 in Armour
  3082 | D:4      | Found a sand-covered staircase.
  3091 | Ossuary  | Entered an ossuary
  3150 | Ossuary  | Reached XP level 7. HP: 37/43 MP: 7/7
  3199 | Ossuary  | Reached skill level 5 in Axes
  3304 | Ossuary  | Reached skill level 1 in Stealth
  3569 | D:4      | Found a blossoming altar of Fedhas.
  3570 | D:4      | Found a hide-covered altar of Uskayaw.
  3575 | D:4      | Found a radiant altar of Vehumet.
  3576 | D:4      | Found a shimmering blue altar of Sif Muna.
  3688 | D:4      | Noticed Natasha
  3699 | D:4      | Killed Natasha
  3747 | D:4      | Noticed Natasha
  3758 | D:4      | Killed Natasha
  3863 | D:5      | Entered Level 5 of the Dungeon
  3921 | D:5      | Reached skill level 5 in Fighting
  3921 | D:5      | Reached XP level 8. HP: 46/49 MP: 8/8
  3997 | D:5      | Killed from afar by an orc priest

Illustrated notes

Levels and vault maps discovered:
D:1:      lightli_arrival_chessboard, layout_loops_corners,
          minmay_misc_feat_nine_boxes
D:2:      kennysheep_big_flooded_room, layout_loops_cross
D:3:      layout_basic, mainiacjoe_overflow_six_doors_small,
          nemelex_dance_club_becter, lemuel_crystal_altar, serial_shops,
          nicolae_diamond_shop, chequers_serial_rivers_micro_a
D:4:      layout_gridville, minitemple, nicolae_ossuary_entry_ruins,
          uniq_grinder, uniq_natasha
D:5:      wander_river, layout_loops_ring, xom_teletrap_fun,
          ebering_ghost_reflecting_pool

Skill      XL: |  1  2  3  4  5  6  7 |
---------------+----------------------+-----
Axes           | 2 3 4 5 |  5.9
Armour         | 4 5 |  5.9
Fighting       | 4 5 |  5.0
Shields        | 4 |  4.2
Stealth        | 1 |  1.4

Action                     |  1- 3 |  4- 6 |  7- 9 || total
---------------------------+-------+-------+-------++-------
  Melee: War axe           |   121 |   160 |   126 ||   407
    Use: Potion            |       |     1 |       ||     1
 Armour: Scale mail        |    83 |   111 |    49 ||   243
         Robe              |       |       |    10 ||    10
  Dodge: Dodged            |    58 |    84 |    59 ||   201
  Block: Buckler           |    30 |    25 |    28 ||    83

Table legend: (Time is in decaauts)
 A = Elapsed time spent in this place.
 B = Non-inter-level travel time spent in this place.
 C = Inter-level travel time spent in this place.
 D = Time resting spent in this place.
 E = Time spent auto-exploring this place.
 F = Levels seen in this place.
 G = Mean time per level.
                   A        B        C        D        E       F      G
               +--------+--------+--------+--------+--------+-----+--------+
         Total |   4155 |   4091 |     64 |      0 |   2979 |   6 |  692.5 |
       Dungeon |   3812 |   3748 |     64 |      0 |   2758 |   5 |  762.4 |
       Ossuary |    342 |    342 |      0 |      0 |    221 |   1 |  342.0 |
               +--------+--------+--------+--------+--------+-----+--------+

Top non-repeatable levels by time:
     D:1: 1129 daAuts
     D:3: 1118 daAuts
     D:4: 817 daAuts
     D:2: 606 daAuts
 Ossuary: 342 daAuts
     D:5: 140 daAuts
